 Dungeon Crawl Stone Soup version 0.29.0-15-g675c0067aa (webtiles) character file.

Game seed: 1639789198404144295

256 Jakudza the Gusty (level 6, -1/32 HPs)
             Began as a Tengu Air Elementalist on Sept 12, 2022.
             Was an Initiate of Vehumet.
             Killed from afar by a white imp (4 damage)
             ... with a puff of frost
             ... on level 5 of the Dungeon.
             The game lasted 00:20:14 (4534 turns).

Jakudza the Gusty (Tengu Air Elementalist)          Turns: 4534, Time: 00:20:15

Health: -1/32      AC:  4    Str:  8    XL:     6   Next: 16%
Magic:  8/12       EV: 15    Int: 18    God:    Vehumet [......]
Gold:   212        SH:  0    Dex: 14    Spells: 2/12 levels left

rFire   + . .      SeeInvis .   i - +2 dagger (venom)
rCold   x . .      Faith    .   (no shield)
rNeg    . . .      Spirit   .   a - +1 robe
rPois   .          Reflect  .   (helmet restricted)
rElec   .          Harm     .   (no cloak)
rCorr   .          Rampage  .   e - +0 pair of gloves
Will    .....                   (boots unavailable)
Stlth   ++........              h - amulet of magic regeneration
HPRegen 0.10/turn               k - ring of fire
MPRegen 0.53/turn               (no ring)

@: flying quickly and evasively, very slightly contaminated, quick
A: beak, talons 3, nimble flight
a: Renounce Religion


You were on level 5 of the Dungeon.
You worshipped Vehumet.
Vehumet was noncommittal.
You visited 1 branch of the dungeon, and saw 5 of its levels.

You collected 212 gold pieces.

Inventory:

Hand Weapons
 i - a +2 dagger of venom (weapon)
Armour
 a - a +1 robe (worn)
 e - a +0 pair of gloves (worn)
Jewellery
 h - an amulet of magic regeneration (around neck)
 k - a ring of fire (left hand)
Wands
 m - a wand of mindburst (16)
Scrolls
 f - 2 scrolls of fear
 j - a scroll of poison
 l - a scroll of teleportation
Potions
 b - a potion of magic
 c - a potion of heal wounds {unknown}
 d - 2 potions of curing
 g - a potion of cancellation {unknown}
 o - a potion of attraction {unknown}


   Skills:
 + Level 3.4 Dodging
 - Level 2.1 Stealth
 * Level 3.6 Spellcasting
 + Level 3.3 Conjurations
 * Level 5.9 Air Magic


You had 2 spell levels left.
You knew the following spells:

 Your Spells              Type           Power      Damage    Failure   Level
a - Shock                 Conj/Air       76%        1d7       2%          1
b - Static Discharge      Conj/Air       19%        3-6/arc   3%          2
c - Swiftness             Air            24%        N/A       4%          3
d - Airstrike             Air            12%        2d(2-18)  13%         4

Your spell library contained the following spells:

 Spells                   Type           Power      Damage    Failure   Level
 Ensorcelled Hibernation  Hex/Ice        6%         N/A       24%         2
 Call Canine Familiar     Summ           3%         N/A       43%         3
 Portal Projectile        Hex/Tloc       6%         N/A       43%         3
 Spider Form              Tmut/Pois      3%         N/A       43%         3
 Lightning Bolt           Conj/Air       9%         1d22      54%         5
 Anguish                  Hex/Necr       1%         N/A       83%         4
 Leda's Liquefaction      Hex/Erth       1%         N/A       83%         4
 Maxwell's Capacitive Co  Air            12%        ∞         100%        8


Dungeon Overview and Level Annotations

Branches:
Dungeon (5/15)
 Temple: D:4-7

Altars:
Vehumet
Wu Jian
Yredelemnul

Shops:
D:2 (

Annotations:
D:3 3 runed translucent doors, LabCoat's ghost, amateur HOFi


Innate Abilities, Weirdness & Mutations

You have a beak for a mouth.
You have claws for feet.
Your magical nature lets you fly swiftly and evasively.


Message History

An orc wizard comes into view. It is wielding a +0 dagger.
The zap hits the orc priest.
You kill the orc priest!
Vehumet accepts your kill.
The zap misses the orc.
The zap hits the orc wizard.
The orc wizard is moderately wounded.
The zap hits the white imp.
The white imp is lightly wounded.
The zap hits the white imp.
The white imp is moderately wounded.
The orc wizard points at you and mumbles some strange words.
The puff of flame hits you. You resist.
The zap misses the white imp.
The zap hits the orc wizard.
The orc wizard is moderately wounded.
The zap hits the orc.
You kill the orc!
Vehumet accepts your kill.
You miscast Shock.
You are very lightly contaminated with residual magic.
Nothing appears to happen.
The white imp gestures at you. The puff of frost hits you!
You feel a terrible chill!
An orc comes into view. It is wielding a +0 whip.
You are too injured to fight recklessly!
Casting: Shock (safe; 2% risk of failure)
Confirm with . or Enter, or press ? or * to list all spells.
Aiming: Shock (safe; 2% risk of failure)
Press: ? - help, Shift-Dir - straight line, f/p - white imp
Aim: a white imp (moderately wounded, 71% to hit)
The zap hits the white imp!
The white imp is almost dead.
The zap misses the orc wizard.
The orc shouts!
The white imp gestures at you. The puff of frost hits you!
You feel a terrible chill!
* * * LOW HITPOINT WARNING * * *
The white imp gestures at you. The puff of frost hits you.
You feel a terrible chill!
You die...

#.......# #######.#
#.# #.# #.# #.#######
#######........
.######........######
)o..)o5.@.<....#
.###.########### >. #


You could see an orc wizard, a white imp and an orc.

Vanquished Creatures
  An orc priest (D:5)
  An iguana (D:4)
  2 orc wizards
  6 adders
  A worm (D:2)
  2 dart slugs
  8 orcs
  9 ball pythons
  6 bats
  9 endoplasms
  3 giant cockroaches
  12 goblins
  7 hobgoblins
  2 jackals (D:2)
  A quokka (D:1)
  4 frilled lizards
  4 kobolds
  5 rats
83 creatures vanquished.

Vanquished Creatures (others)
  11 fungi
  2 plants (D:3)
13 creatures vanquished.

Grand Total: 96 creatures vanquished

Notes
Turn   | Place    | Note
-------+----------+-------------------------------------------
     0 | D:1      | Jakudza the Tengu Air Elementalist began the quest for the
                  | Orb.
     0 | D:1      | Reached XP level 1. HP: 10/10 MP: 4/4
   348 | D:1      | Reached XP level 2. HP: 15/15 MP: 1/6
   651 | D:1      | Found a faded altar of an unknown god.
  1076 | D:1      | Reached XP level 3. HP: 10/19 MP: 2/7
  2016 | D:2      | Reached XP level 4. HP: 19/24 MP: 2/8
  2333 | D:2      | Identified a scroll of acquirement
  2333 | D:2      | Acquired a book of Lightning
  2380 | D:2      | Reached skill level 5 in Air Magic
  2469 | D:2      | Learned a level 2 spell: Static Discharge
  2473 | D:2      | Learned a level 3 spell: Swiftness
  2533 | D:2      | Found Roanof's Weapon Shop.
  3045 | D:3      | Gained mutation: Your magical nature lets you fly swiftly
                  | and evasively. [Tengu growth]
  3045 | D:3      | Reached XP level 5. HP: 28/28 MP: 5/10
  3162 | D:3      | Found a runed translucent gate.
  3163 | D:3      | Found a runed translucent gate.
  3164 | D:3      | Found a runed translucent gate.
  3166 | D:3      | Noticed a kobold brigand
  3168 | D:3      | Noticed LabCoat's ghost (amateur HOFi)
  3319 | D:3      | Learned a level 4 spell: Airstrike
  3606 | D:4      | Identified the +9 dagger "Weta Yrao" {freeze, *Slow rElec
                  | Dex+2}
  3861 | D:4      | Found a radiant altar of Vehumet.
  3906 | D:4      | Became a worshipper of Vehumet
  4328 | D:4      | Found an ornate altar of the Wu Jian Council.
  4352 | D:4      | Found a basalt altar of Yredelemnul.
  4450 | D:5      | Entered Level 5 of the Dungeon
  4480 | D:5      | Reached XP level 6. HP: 32/32 MP: 9/12
  4534 | D:5      | Killed from afar by a white imp

Illustrated notes

Levels and vault maps discovered:
D:1:      reono_arrival_forest_river, layout_loops_corners,
          shapermc_ecumenical_altar_totnotflames, st_stairs_1,
          minmay_misc_feat_ornament, minmay_tromino_v2
D:2:      layout_loops_ring, serial_shops, shop, minmay_unequal
D:3:      layout_loops_ring, gammafunk_ghost_nasty_kobolds
D:4:      layout_loops_ring, fiery_altar_vehumet, grunt_temple_overflow_open,
          serial_aquarium, aquarium_bridge_square [aquarium_subvault_window,
          aquarium_subvault_bridge, aquarium_subvault_balcony,
          aquarium_subvault_window], aquarium_window_corridor_2,
          aquarium_window_1, aquarium_view_2c, aquarium_view_2a,
          aquarium_balcony_double_1, aquarium_pool_S
D:5:      layout_loops_ring, elyvilon_altar_3, nicolae_ossuary_entry_plus

Skill      XL: |  1  2  3  4  5 |
---------------+----------------+-----
Conjurations   | 2 3 |  3.3
Air Magic      | 5 |  5.9
Dodging        | 3 |  3.4
Spellcasting   | 3 |  3.6
Stealth        | |  2.1

Action                   |  1- 3 |  4- 6 || total
-------------------------+-------+-------++-------
Melee: Unarmed           |     9 |       ||     9
       Kick              |     7 |       ||     7
       Dagger            |     6 |     3 ||     9
       Peck              |     1 |     1 ||     2
 Cast: Shock             |    68 |   105 ||   173
       Static Discharge  |       |     1 ||     1
  Use: Scroll            |     4 |    11 ||    15
Armor: Robe              |     3 |     2 ||     5
Dodge: Dodged            |    19 |     5 ||    24
